 Dungeon Crawl Stone Soup version bcrawl-1.19.1 (webtiles) character file.

Game seed: 2221068181954248628

56 MisterOstroum the Conjurer (level 3, 7/21 HPs)
             Began as a Fairy Wizard on Nov 21, 2019.
             Quit the game on level 1 of the Dungeon on Nov 22, 2019.
             The game lasted 00:01:41 (1274 turns).

MisterOstroum the Conjurer (Fairy Wizard)           Turns: 1274, Time: 00:01:41

Health: 7/21       AC:  4    Str:  5    XL:     3   Next: 95%
Magic:  10/10      EV: 16    Int: 24    God:
Gold:   153        SH:  4    Dex: 10    Spells: 5/10 levels left

rFire    . . .     SeeInvis .   a - +0 staff
rCold    . . .     Gourm    .   (shield currently unavailable)
rNeg     . . .     Faith    .   (armour unavailable)
rPois    .         Spirit   .   b - +0 hat
rElec    .         Reflect  .   (no cloak)
rCorr    .         Harm     .   (no gloves)
MR       .....                  (no boots)
Stlth    +.........             (no amulet)
HPRegen  0.07/turn              l - +2 ring of intelligence
MPRegen  0.12/turn              (no ring)

@: flying evasively
A: small, magic attunement, unstealthy, unfitting armour, able to fly, AC/SH +4
a: Stop Flying


You were on level 1 of the Dungeon.
You were not hungry.

You visited 1 branch of the dungeon, and saw 2 of its levels.

You collected 153 gold pieces.

Inventory:

Hand Weapons
 a - a +0 staff (weapon)
Armour
 b - a +0 hat (worn)
 c - a +0 pair of gloves
Jewellery
 l - a +2 ring of intelligence (left hand)
Scrolls
 d - 4 scrolls of identify {unknown}
 f - a scroll of noise {unknown}
 h - a scroll of fear {unknown}
 i - a scroll of remove curse {unknown}
 k - a scroll of enchant weapon {unknown}
 p - a scroll of amnesia {unknown}
 q - a scroll of immolation {unknown}
 s - a scroll of blinking {unknown}
Potions
 g - a potion of magic {unknown}
 j - 2 potions of degeneration {unknown}
 n - a potion of ambrosia {unknown}
 o - a potion of flight {unknown}
 r - a potion of curing {unknown}
Comestibles
 e - 7 rations {!d}
 m - 5 chunks of flesh


   Skills:
 - Level 2.6 Dodging
 - Level 1.5 Stealth
 - Level 4.0 Spellcasting
 - Level 4.3 Conjurations
 * Level 1.3 Summonings
 + Level 1.1 Translocations


You had 5 spell levels left.
You knew the following spells:

 Your Spells              Type           Power        Failure   Level  Hunger
a - Magic Dart            Conj           ####         1%          1    None
b - Blink                 Tloc           N/A          9%          2    None
c - Call Imp              Summ           ##....       9%          2    None

Your spell library contained the following spells:

 Spells                   Type           Power        Failure   Level  Hunger
 Conjure Flame            Conj/Fire      ###.....     12%         3    None
 Mephitic Cloud           Conj/Pois/Air  ##......     16%         3    None
 Spider Form              Tmut/Pois      #..          28%         3    None


Dungeon Overview and Level Annotations

Branches:
Dungeon (2/12)

Altars:


Innate Abilities, Weirdness & Mutations

Your spells do not cause hunger and MP costs are reduced by 1.
Your bright wings attract enemies. (Stealth-)
You cannot fit into any form of body armour.
Your shimmering scales are hard and can block incoming attacks. (AC +4, SH +4)
You are small and have problems with some larger weapons.
You can fly continuously.


Message History

Casting: Magic Dart (safe; 1% risk of failure)
Confirm with . or Enter, or press ? or * to list all spells.
You can't see any susceptible monsters within range! (Use Z to cast anyway.)
Casting: Magic Dart (safe; 1% risk of failure)
Confirm with . or Enter, or press ? or * to list all spells.
You can't see any susceptible monsters within range! (Use Z to cast anyway.)
You butcher the rat corpse.
m - 5 chunks of flesh (gained 1)
You see here a rat skeleton. x2
You see here a rat skeleton.
Found a stone staircase leading down.
r - a bubbling sapphire potion
s - a scroll labeled VAUFUTIM XUDAU
There is a stone staircase leading down here.
A kobold and 3 orcs come into view.
The kobold shouts!
The orc shouts! x3; You hear a shout!
The orc moves out of view.
You hear a shout!
Found a ration and 20 gold pieces.
Casting: Magic Dart (safe; 1% risk of failure)
Confirm with . or Enter, or press ? or * to list all spells.
Aiming: Magic Dart (safe; 1% risk of failure)
Press: ? - help, Shift-Dir - straight line, f - orc
Aim: an orc, wielding a +0 dagger The magic dart hits the orc.
The orc is severely wounded.
Casting: Magic Dart (safe; 1% risk of failure)
Confirm with . or Enter, or press ? or * to list all spells.
Aiming: Magic Dart (safe; 1% risk of failure)
Press: ? - help, Shift-Dir - straight line, f/p - orc
Aim: an orc, wielding a +0 dagger (severely wounded)
The magic dart hits the orc.
You kill the orc!
Casting: Magic Dart (safe; 1% risk of failure)
Confirm with . or Enter, or press ? or * to list all spells.
Aiming: Magic Dart (safe; 1% risk of failure)
Press: ? - help, Shift-Dir - straight line, f - kobold
Aim: a kobold The magic dart hits the kobold.
You kill the kobold!
An orc comes into view. It is wielding a +0 club.
Casting: Magic Dart (safe; 1% risk of failure)
Confirm with . or Enter, or press ? or * to list all spells.
Aiming: Magic Dart (safe; 1% risk of failure)
Press: ? - help, Shift-Dir - straight line, f - orc
Aim: an orc, wielding a +0 hand axe and wearing a +0 ring mail The magic dart hits the orc.
An orc comes into view. It is wielding a +0 flail.
Casting: Magic Dart (safe; 1% risk of failure)
Confirm with . or Enter, or press ? or * to list all spells.
Aiming: Magic Dart (safe; 1% risk of failure)
Press: ? - help, Shift-Dir - straight line, f/p - orc
Aim: an orc, wielding a +0 hand axe and wearing a +0 ring mail The magic dart hits the orc.
Casting: Magic Dart (safe; 1% risk of failure)
Confirm with . or Enter, or press ? or * to list all spells.
Aiming: Magic Dart (safe; 1% risk of failure)
Press: ? - help, Shift-Dir - straight line, f/p - orc
Aim: an orc, wielding a +0 hand axe and wearing a +0 ring mail The magic dart hits the orc.
The orc is moderately wounded.
The orc completely misses you.
The orc hits you from afar with a +0 trident!
Ouch! That really hurt!
Casting: Magic Dart (safe; 1% risk of failure)
Confirm with . or Enter, or press ? or * to list all spells.
Aiming: Magic Dart (safe; 1% risk of failure)
Press: ? - help, Shift-Dir - straight line, f/p - orc
Aim: an orc, wielding a +0 hand axe and wearing a +0 ring mail (moderately wounded)
The magic dart hits the orc.
The orc is almost dead.
The orc barely misses you.
The orc hits you from afar with a +0 trident.
Casting: Magic Dart (safe; 1% risk of failure)
Confirm with . or Enter, or press ? or * to list all spells.
Aiming: Magic Dart (safe; 1% risk of failure)
Press: ? - help, Shift-Dir - straight line, f/p - orc
Aim: an orc, wielding a +0 hand axe and wearing a +0 ring mail (almost dead)
The magic dart hits the orc.
The orc is almost dead.
The orc hits you with a +0 hand axe.
* * * LOW HITPOINT WARNING * * *
Casting: Magic Dart (safe; 1% risk of failure)
Confirm with . or Enter, or press ? or * to list all spells.
Aiming: Magic Dart (safe; 1% risk of failure)
Press: ? - help, Shift-Dir - straight line, f/p - orc
Aim: an orc, wielding a +0 hand axe and wearing a +0 ring mail (almost dead)
The magic dart hits the orc.
You kill the orc!
You see here a jackal skeleton.
You see here a jackal skeleton.
There is a stone staircase leading up here.
You fly upwards.
There is a stone staircase leading down here.
Are you sure you want to abandon this character and quit the game? (Confirm with "yes".)
Okay, then.
Saving game... please wait.
Welcome back, MisterOstroum the Fairy Wizard.
Press ? for a list of commands and other information.
Are you sure you want to abandon this character and quit the game? (Confirm with "yes".)

.#......#######.###.##.##.###.#
.............>................#
.#......#######..##..#.##.#...#
.#......# #............#...#
.#......# #####..##..#.##.#...# #
.##....## #.......#..#.##.#...# #
.##....####.###...#..#.##.#...# #
.##....##............#.##.#...# #
.##....##..##.#.@.#..#.##.#...###
.##....##..##.#...#..............
..+....+............##.##.#...###
..#....##..####..>.(......#......
.......................##.##..###
..........................#......
..#####.#..####..##.##.##.#......
......#.#..# #.........#.#...##.
..###.#.#..####..................


There were no monsters in sight!

Vanquished Creatures
  Terence (D:2)
  3 leopard geckos
  2 orcs (D:2)
  A giant cockroach (D:1)
  3 goblins
  A hobgoblin (D:2)
  4 jackals
  5 kobolds
  2 bats
  A frilled lizard (D:1)
  2 rats (D:2)
25 creatures vanquished.

Vanquished Creatures (collateral kills)
  An ooze (D:2)
1 creature vanquished.

Grand Total: 26 creatures vanquished

Notes
Turn   | Place    | Note
-------+----------+-------------------------------------------
     0 | D:1      | MisterOstroum the Fairy Wizard began the quest for the Orb.
     0 | D:1      | Reached XP level 1. HP: 11/11 MP: 7/7
   172 | D:1      | Reached XP level 2. HP: 17/17 MP: 9/9
   179 | D:1      | Learned a level 2 spell: Blink
   182 | D:1      | Learned a level 2 spell: Call Imp
   812 | D:2      | Noticed Terence
   844 | D:2      | Killed Terence
   844 | D:2      | Reached XP level 3. HP: 12/21 MP: 6/10
  1274 | D:1      | Quit the game

Skill      XL: |  1  2 |
---------------+-------+-----
Conjurations   | 2 4 |  4.3
Dodging        | |  2.6
Stealth        | |  1.5
Spellcasting   | |  4.0
Summonings     | |  1.3
Translocations | |  1.1

Action                   || total
-------------------------++-------
 Cast: Magic Dart        ||    63
       Call Imp          ||     3
       Blink             ||     1
  Eat: Chunk             ||     1
Armor: Skin              ||     1
Dodge: Dodged            ||    14
Block: Other             ||     1
